[Event "US Masters 2022"]
[Site "Charlotte"]
[Date "2022.11.28"]
[Round "9.18"]
[White "Ghaemmaghami, Ehsan"]
[Black "Sethuraman, Sandeep"]
[Result "1-0"]
[ECO "D12"]
[WhiteElo "2511"]
[BlackElo "2371"]
[Annotator "TA"]
[PlyCount "125"]
[EventDate "2022.11.23"]
[EventType "swiss"]
[EventCountry "USA"]
[SourceTitle "playchess.com"]
[Source "ChessBase"]
[SourceQuality "1"]
[TimeControl "5400+30"]

1. Nf3 d5 2. d4 Nf6 3. c4 c6 4. e3 Bf5 5. Nc3 e6 6. Nh4 Be4 7. f3 Bg6 8. Qb3 Qc7 9. Bd2 {[%emt 0:01:52] D12: Slav Defence: 3 Nf3 Nf6 4 e3 Bf5.} Be7 10. O-O-O a6 (10... dxc4 $11 11. Bxc4 a5) 11. c5 $14 {[%emt 0:17:34] White is slightly better.} Nbd7 12. Na4 {[%emt 0:01:12] [#] Inhibits b6.} Ne4 $146 ({Predecessor:} 12... e5 13. g4 O-O 14. Nxg6 fxg6 15. h4 Rab8 16. Bh3 Kh8 17. Qc2 Rbe8 18. Kb1 Bd8 {½-½ (25) Lupulescu,C (2622)-Bartel,M (2616) Germany 2022}) 13. Be1 Nef6 14. g4 Bd8 15. Ng2 (15. Nxg6 $142 hxg6 16. h4) 15... Qc8 16. h4 h6 17. Nf4 Bh7 18. g5 Ng8 19. g6 Bxg6 20. Nxg6 fxg6 21. Bh3 Kf7 (21... Ndf6 $16) 22. Rg1 {[%emt 0:01:22][%mdl 1024] White has strong compensation.} Ne7 23. e4 Re8 24. Bd2 Nf8 25. Rg2 Qd7 {[%emt 0:03:01] Inhibits h5.} 26. Bf4 (26. h5 $18) 26... Bc7 $16 27. Qe3 {[%emt 0:00:30] White is much more active.} (27. Be3 $1 $16) 27... Rad8 28. Nb6 Bxb6 29. cxb6 c5 {[%emt 0:16:08] Prevents h5.} ({Better is} 29... Kg8 $14) 30. dxc5 $18 Qa4 31. Bc7 Rd7 32. b3 Qb4 33. Rc2 Nc6 34. Bd6 d4 35. Qd2 Qa3+ (35... Qxd2+ {might work better.} 36. Rcxd2 (36. Rdxd2 g5 $16) 36... Kg8) 36. Kb1 Rxd6 37. Qf4+ (37. cxd6 Qxd6 38. f4 Qd8 $18) 37... Kg8 38. cxd6 {[%emt 0:00:18][%cal Oc2c6] Hoping for Rxc6!} e5 39. Qc1 (39. d7 $6 Rd8 40. Qc1 (40. Qg3 Nb4 $14) 40... Qd6 $18) 39... Qxd6 {[%emt 0:00:03] [#]} 40. Rc5 $2 ({White must play} 40. Rxc6 $1 $18 bxc6 41. Qc4+ Kh7 42. Qf7 (42. Qxa6 Rb8 $11)) 40... Qf6 {[%emt 0:00:37] [#]} (40... Kh7 $14) 41. Bf1 $2 (41. Qc4+ Kh7 $14) (41. Rxc6 $1 $18 bxc6 42. b7) 41... Qxf3 42. Bxa6 Nd7 $1 43. Rc2 {[%emt 0:00:31] Threatens to win with Rf1.} Nb4 44. Bc4+ Kh7 $1 45. Re2 Nxb6 {[%emt 0:00:50] Pair of Knights!} 46. Rf1 Qg4 (46... Qh3 $17 {Strongly threatening ...Nxc4.} 47. Rh1 Qd7) 47. Rg1 $11 Qh5 {[%emt 0:03:38][%mdl 8192] [#]} (47... Qf3 $1 $11 48. Bb5 Re7) 48. Reg2 $1 $18 Qxh4 $2 {[%emt 0:01:55] [#]} (48... Nxc4 {is more resistant.} 49. Qxc4 Nc6) 49. Rxg6 $2 (49. Bf7 $1 $18 Rc8 50. Bxg6+ Kh8 51. Qd2) 49... Qxe4+ $11 50. Kb2 (50. Ka1 $5 Nc2+ $8 51. Kb2 Nxc4+ 52. bxc4 $11) 50... Nxc4+ (50... Qxg6 $2 51. Rxg6 Kxg6 52. Qg1+ Kh7 53. Bf7 $18) 51. Qxc4 {[%emt 0:00:03] Chess con chili.} Nd3+ (51... Qxg6 $2 52. Rxg6 Kxg6 53. Qxb4 $18) 52. Ka1 Re7 {[%emt 0:00:11] ...Nf4 is the strong threat.} (52... Qxg6 $2 53. Rxg6 Kxg6 54. Qxd3+ e4 55. Qxd4 $18) 53. Qe6 $40 {[%emt 0:00:57][%mdl 192] Intending Rxh6+ and mate. Black needs to defend precisely.} Qe1+ $1 (53... Rxe6 $2 {is a self mate.} 54. Rxg7+ Kh8 55. Rg8+ Kh7 56. R1g7#) 54. Rxe1 {[%emt 0:00:11] Reg1 would kill now.} Rxe6 55. Rxe6 Nxe1 56. Rxe5 {[%emt 0:00:10][%mdl 4096] Endgame KR-KN} Ng2 (56... Nf3 $11 57. Rf5 Ne1) 57. a4 $18 ({Weaker is} 57. Rd5 Ne3 58. Rd7 (58. Rxd4 $2 {loses.} Nc2+ 59. Kb1 Nxd4 $19) 58... h5 $11) 57... Kg6 58. a5 {[%emt 0:00:37] And now Rb5 would win.} h5 59. Re4 $2 (59. Re6+ $18 Kf5 60. Re7) 59... Kf5 $2 (59... h4 $11) 60. Rxd4 {[%emt 0:00:19] White is clearly winning.} h4 61. Rd7 h3 62. Rxg7 Nh4 63. Rxb7 {[%emt 0:00:22] Weighted Error Value: White=0.41/Black=0.51} (63. Rg3 $142 Ke6 64. Rxh3) 1-0

[Event "US Masters 2022"]
[Site "Charlotte"]
[Date "2022.11.28"]
[Round "9.19"]
[White "Wang, Jason"]
[Black "Budisavljevic, Luka"]
[Result "1/2-1/2"]
[ECO "E12"]
[WhiteElo "2345"]
[BlackElo "2505"]
[Annotator "TA"]
[PlyCount "76"]
[EventDate "2022.11.23"]
[EventType "swiss"]
[EventCountry "USA"]
[SourceTitle "playchess.com"]
[Source "ChessBase"]
[SourceQuality "1"]
[TimeControl "5400+30"]

1. d4 Nf6 2. c4 e6 3. Nf3 b6 4. a3 Ba6 5. Qc2 Bb7 6. Nc3 c5 7. dxc5 bxc5 8. Bf4 Nh5 9. Bg5 {[%emt 0:02:51] E12: Queen's Indian: Unusual White 4th moves, 4 a3, 4 Nc3 Bb7 5 a3 and 4 Nc3 Bb7 .} Qc7 {[%emt 0:00:08] [#]} 10. e4 $146 ({Predecessor:} 10. e3 a6 11. Be2 Nc6 12. Rd1 Be7 13. Ne4 O-O 14. Bxe7 Nxe7 15. Nfg5 f5 16. Bxh5 fxe4 17. Nxe4 {1-0 (28) Kononenko,T (2305)-Schott,R (2129) Le Touquet 2004}) 10... a6 {[%emt 0:00:25] Inhibits Nb5.} 11. g3 {[%emt 0:03:35] The position is equal.} Nc6 12. Bg2 h6 13. Be3 Be7 14. O-O d6 15. Rab1 a5 {[%emt 0:04:38] Prevents b4.} 16. Rfd1 Rd8 (16... O-O $11) 17. Ne1 (17. e5 $16 {Threatens to win with Nb5.} dxe5 18. Rxd8+ Kxd8 19. Qd1+ Ke8 20. Qb3) 17... Nf6 18. h3 O-O 19. Qd2 Qb8 20. f4 Rfe8 21. Qf2 Nd7 22. b3 Rf8 (22... Bf6 $5 23. Nb5 Be7 $14) 23. Nc2 Qa8 24. Rd2 Nf6 25. Re1 ({White should play} 25. g4 $11) 25... Rfe8 (25... Nb8 $1 $15) 26. Nb5 Qb8 {[%emt 0:00:15] Prevents Nc7.} 27. Nc3 Bf8 28. Red1 Ba8 (28... e5 {is more complex.} 29. fxe5 Nxe5 30. Bxh6 a4) 29. Rb1 Rd7 30. g4 Rdd8 31. Bf3 Nh7 (31... d5 {seems wilder.} 32. exd5 exd5 33. Nxd5 Ne4) 32. h4 g6 33. g5 h5 34. Rd3 (34. Rdd1 $16) 34... Bg7 $11 35. Bg2 Kh8 {[%emt 0:08:57] [#]} (35... Bxc3 $1 $11 {keeps the balance.} 36. Rxc3 e5) 36. Nb5 $1 $16 Na7 37. Nxa7 {[%emt 0:02:17] White is more active.} Qxa7 38. Rbd1 {[%emt 0:00:05][%cal Oe3c5] Hoping for Bxc5!} Qc7 {[%emt 0:04:42] Weighted Error Value: White=0.19 (very precise) /Black=0.21 (precise)} (38... Qb6 $16 {is a better defense.}) 1/2-1/2

[Event "US Masters 2022"]
[Site "Charlotte"]
[Date "2022.11.28"]
[Round "9.20"]
[White "Beradze, Irakli"]
[Black "Jacobson, Aaron"]
[Result "1/2-1/2"]
[ECO "A14"]
[WhiteElo "2494"]
[BlackElo "2351"]
[Annotator "TA"]
[PlyCount "37"]
[EventDate "2022.11.23"]
[EventType "swiss"]
[EventCountry "USA"]
[SourceTitle "playchess.com"]
[Source "ChessBase"]
[SourceQuality "1"]
[TimeControl "5400+30"]

1. Nf3 d5 2. g3 Nf6 3. Bg2 e6 4. c4 Be7 5. O-O O-O 6. b3 b6 7. Bb2 Bb7 8. d3 c5 9. Nbd2 d4 {[%emt 0:01:53] A14: English Opening: 1...e6 with b3 by White.} 10. b4 Nbd7 (10... Qc7 {feels hotter.} 11. Re1 Nbd7 12. bxc5 bxc5 13. e3 dxe3 14. Rxe3 Ng4) 11. bxc5 bxc5 12. Rb1 Qc7 13. e3 e5 (13... dxe3 {is more complex.} 14. fxe3 Ng4 15. Qe2 Rab8) 14. Ba3 {[%emt 0:04:50] [#]} Nb6 $146 ({Predecessor:} 14... dxe3 15. fxe3 Nb6 16. Ng5 Bxg2 17. Kxg2 Rad8 18. Qe2 Qd7 19. Rb3 h6 20. Nge4 Nxe4 21. Nxe4 {0-1 (72) Ivanovic,D (2307)-Perunovic,M (2433) Kragujevac 2018}) 15. exd4 exd4 16. Re1 Rfe8 17. Nb3 Rac8 18. Qd2 (18. Bh3 $5 ) 18... Na4 19. Qa5 {[%emt 0:00:11] An interesting draw.   Weighted Error Value: White=0.10 (very precise) /Black=0.10 (very precise)} ({Don't play} 19. Na5 Bxf3 20. Bxf3 Nc3 $17) 1/2-1/2

[Event "US Masters 2022"]
[Site "Charlotte"]
[Date "2022.11.28"]
[Round "9.22"]
[White "Narayanan, Samrug"]
[Black "Atanasov, Anthony"]
[Result "0-1"]
[ECO "C42"]
[WhiteElo "2340"]
[BlackElo "2215"]
[Annotator "TA"]
[PlyCount "48"]
[EventDate "2022.11.23"]
[EventType "swiss"]
[EventCountry "USA"]
[SourceTitle "playchess.com"]
[Source "ChessBase"]
[SourceQuality "1"]
[TimeControl "5400+30"]

1. e4 {[%emt 1:31:00] Sethuraman,SP} e5 2. Nf3 Nf6 3. Nxe5 d6 4. Nf3 Nxe4 5. Nc3 Nxc3 6. dxc3 Be7 7. Be3 Nd7 8. Qd2 {[%emt 0:00:00] C42: Petroff Defence: 3 Nxe5 and unusual White 3rd moves.} Nf6 9. O-O-O O-O 10. Bd3 {[%emt 0:00:00] The position is equal.} d5 11. Rhe1 Bg4 12. Qe2 {[%emt 0:00:00] [#]} c6 $146 ({Predecessor:} 12... Re8 13. h3 Bh5 14. g4 Bg6 15. Bxg6 hxg6 16. g5 Ne4 17. c4 Bb4 18. Rxd5 Qc8 {1-0 (42) Sethuraman,S (2624)-Shirov,A (2664) Douglas 2019 CBM 193 Extra [Sethuraman,SP]}) 13. h3 Bh5 14. g4 Bg6 15. Nd4 Re8 16. g5 Ne4 17. f4 (17. h4 $1 $14) 17... c5 $15 {[%emt 0:04:49] White must now prevent ...Nxc3.} 18. f5 $2 {[%emt 0:00:00] [#] Now White is beyond hope.} (18. Nb3 $15) 18... Nxc3 $1 $19 19. bxc3 (19. Qg4 cxd4 20. fxg6 fxg6 21. bxc3 Ba3+ 22. Kd2 dxe3+ 23. Rxe3) 19... cxd4 20. cxd4 {[%emt 0:00:00] [#]} Qa5 $1 {[%emt 0:07:15] ( -> ...Ba3+)} 21. c3 Bxg5 22. Kb2 (22. Qd2 $142 Rxe3 23. Rxe3 Bxe3 24. Qxe3 Qxc3+ 25. Kb1 Bxf5 26. Qe2 Qb4+ 27. Qb2 Bxd3+ 28. Rxd3 Qe1+ 29. Qc1) 22... Rxe3 23. Qg4 {[%emt 0:00:00] [#]} Rxe1 (23... Rc8 $142 $1 24. Rc1 Rxd3 25. Qxg5 f6 26. Qe3 Rxe3 27. Rxe3 Bxf5 28. Rc2 Rc6 29. Kc1 Bxc2 30. Kxc2 Qxa2+ 31. Kd3 Ra6 32. h4 Qc4+ 33. Kd2 Ra2+ 34. Ke1 Qb5 35. Re8+ Qxe8+ 36. Kf1 Qe2+ 37. Kg1 Qg2#) 24. Rxe1 Bd2 {[%emt 0:00:10][%csl LRc3,LRe1] Weighted Error Value: White=1.34/Black=0.40} 0-1

[Event "US Masters 2022"]
[Site "Charlotte"]
[Date "2022.11.28"]
[Round "9.24"]
[White "Canty, James"]
[Black "Gutla, Aryan"]
[Result "0-1"]
[ECO "B22"]
[WhiteElo "2158"]
[BlackElo "2033"]
[Annotator "TA"]
[PlyCount "74"]
[EventDate "2022.11.23"]
[EventType "swiss"]
[EventCountry "USA"]
[SourceTitle "playchess.com"]
[Source "ChessBase"]
[SourceQuality "1"]
[TimeControl "5400+30"]

1. e4 c5 2. c3 d5 3. exd5 Nf6 4. d4 Nxd5 5. Nf3 e6 6. Bd3 {[%emt 0:00:16] B22: Sicilian: 2 c3.} cxd4 7. cxd4 Bb4+ 8. Nbd2 {[%emt 0:00:21] The position is equal.} Nd7 (8... Nf4 $5 9. Bf1 Nc6 $11) 9. O-O O-O 10. a3 Be7 {[%emt 0:00:44] [#]} 11. Nc4 $146 ({Predecessor:} 11. Nb3 h6 12. Bd2 b6 13. Rc1 Bb7 14. Re1 Rc8 15. Qe2 Bd6 16. Qe4 N7f6 17. Qe2 {0-1 (59) Ackermann,R-Schmitt,H (2028) Frankfurt 2002}) 11... N7f6 12. Bg5 b6 13. Rc1 Bb7 14. Bb1 Rc8 15. Re1 Rc7 16. Qb3 (16. Qd3 {is interesting.} Ba6 17. Bd2 Qc8 18. Nfe5) 16... a6 (16... Nh5 {looks sharper.} 17. Qd3 g6 18. Bh6 Qc8) 17. Rcd1 h6 18. Bc1 b5 19. Nce5 Nb6 20. Qd3 {[%emt 0:07:30][%cal Oe5g4] Ng4! is the strong threat.} Qd5 {[%emt 0:10:05] [#]} (20... Re8 $11 {remains equal.}) 21. Ng4 Nbd7 $11 22. Bf4 Rcc8 23. b3 {[%emt 0:01:13] Prevents Qc4.} Rfd8 $36 {[%emt 0:00:00][%mdl 2048] Black is pushing.} (23... Nxg4 $2 24. Qh7#) 24. Bxh6 Qh5 (24... Nxg4 $2 {gets mated.} 25. Qh7+ Kf8 26. Qh8#) 25. Re5 $2 {[%emt 0:03:25][%mdl 8192] Loses the game.} Qxg4 $19 {[%emt 0:00:00] Dancing on a razor blade.} 26. Rg5 Bxf3 27. Rxg4 Bxg4 {[%emt 0:00:00] Black is clearly winning.} 28. Qg3 Bd6 (28... Bxd1 $2 29. Qxg7#) (28... gxh6 $2 29. f3 $19) 29. f4 (29. Qxd6 $142 Bxd1 30. Qg3) 29... gxh6 (29... Bxd1 $2 30. Qxg7#) 30. Re1 Kh8 31. h3 Bh5 32. Qh4 Rg8 33. Kh1 Rc3 34. Be4 Rcg3 {[%emt 0:00:47] And now ...Nxe4 would win.} 35. Bc6 Be7 36. Bxd7 (36. f5 $142 Nf8 37. fxe6) 36... Rxg2 {[%emt 0:00:22] ( -> ...Bf3)} (36... Rxb3 $2 {loses.} 37. f5 Rg5 38. fxe6 $19) 37. Bc6 {[%emt 0:00:50] [#] Prevents Bf3.} Ne4 $1 {[%emt 0:00:36][%mdl 512] Weighted Error Value: White=0.54/Black=0.24 (precise)} 0-1